 Dungeon Crawl Stone Soup version 0.18-b1-18-g7758cf2 (webtiles) character file.

3516 franckfuck the Fighter (level 9, -7/124 HPs)
             Began as a Minotaur Berserker on May 2, 2016.
             Was a High Priest of Trog.
             Mangled by no0bjke's ghost (30 damage)
             ... on level 8 of the Dungeon.
             The game lasted 00:56:34 (7652 turns).

franckfuck the Fighter (Minotaur Berserker)         Turns: 7652, Time: 00:56:35

Health: -7/124     AC:  8    Str: 28    XL:     9   Next: 81%
Magic:  0/2        EV: 15    Int:  4    God:    Trog [*****.]
Gold:   478        SH:  0    Dex: 12    Spells: 0 memorised, 8 levels left

rFire  . . .     SeeInvis .     O - +3 battleaxe (antimagic)
rCold  . . .     Gourm    .     y - +0 ring mail
rNeg   . . .     Faith    +     (shield currently unavailable)
rPois  .         Spirit   .     N - +0 hat
rElec  .         Dismiss  .     o - +0 cloak
rCorr  .         Reflect  .     (no gloves)
SustAt .         Harm     .     (no boots)
MR     .....                    j - amulet of faith
Stlth  ..........               (no ring)
                                (no ring)

@: berserking (expiring), very quick, not resistant to hostile enchantments,
extremely unstealthy
A: retaliatory headbutt, horns 2
a: Berserk, Trog's Hand, Brothers in Arms, Burn Spellbooks, Renounce Religion


You were on level 8 of the Dungeon.
You worshipped Trog.
Trog was extremely pleased with you.
You were not hungry.

You visited 2 branches of the dungeon, and saw 9 of its levels.
You also visited: Sewer.

You collected 478 gold pieces.

Inventory:

Hand Weapons
 O - a +3 antimagic battleaxe (weapon)
Missiles
 u - a throwing net
 x - 2 tomahawks (quivered)
Armour
 o - a +0 cloak (worn)
 y - a +0 ring mail (worn)
 E - a cursed +0 shield
 K - a +0 chain mail
 N - a +0 hat (worn)
Magical Staves
 q - an uncursed staff of power {unknown}
Jewellery
 j - an amulet of faith (around neck)
 p - an uncursed ring of teleportation
 D - an uncursed ring of loudness
Wands
 t - a wand of paralysis (16/24)
 H - a wand of flame (15/48)
Scrolls
 d - a scroll of remove curse
 k - a scroll of noise
 l - 2 scrolls of fog
 n - 2 scrolls of blinking
 r - a scroll of recharging
 s - a scroll of amnesia
 v - 2 scrolls of magic mapping
 A - a scroll of random uselessness
 F - a scroll of teleportation
 J - 2 scrolls of fear
Potions
 e - a potion of magic
 f - a potion of haste
 g - 4 potions of lignification {unknown}
 h - a potion of brilliance {unknown}
 i - 2 potions of agility {unknown}
 m - a potion of flight {unknown}
 w - 4 potions of curing {unknown}
 z - a potion of might {unknown}
 C - 2 potions of berserk rage {unknown}
 G - 2 potions of mutation {unknown}
 I - a potion of heal wounds {unknown}
 M - a potion of degeneration {unknown}
Comestibles
 c - 3 bread rations
 B - 10 chunks of flesh
 L - a meat ration


   Skills:
 + Level 9.3 Fighting
 + Level 9.3 Axes
 + Level 8.7 Armour
 + Level 7.8 Dodging


You had 8 spell levels left.
You didn't know any spells.

Dungeon Overview and Level Annotations

Branches:
Dungeon (8/15)             Temple (1/1) D:5            Lair (0/8) D:8

Altars:
Ashenzari
Dithmenos
Elyvilon
Fedhas
Gozag
Nemelex Xobeh
Okawaru
Pakellas
Qazlal
Ru
Sif Muna
Trog
Xom
Yredelemnul
The Shining One

Annotations:
D:8 no0bjke's ghost, novice MiBe


Innate Abilities, Weirdness & Mutations

You reflexively headbutt those who attack you in melee.
You have a pair of horns on your head.


Message History

Trog accepts your kill.
You hit no0bjke's ghost but do no damage.
Your headbutt misses no0bjke's ghost.
No0bjke's ghost is lightly damaged.
No0bjke's ghost misses you. You furiously retaliate!
You headbutt no0bjke's ghost, but do no damage.
You barely miss no0bjke's ghost.
No0bjke's ghost is lightly damaged.
You slice the orc!!
You kill the orc!
Trog accepts your kill.
No0bjke's ghost hits you but does no damage.
You hit no0bjke's ghost but do no damage.
No0bjke's ghost is lightly damaged.
No0bjke's ghost hits you!!
* * * LOW HITPOINT WARNING * * *
You closely miss no0bjke's ghost.
No0bjke's ghost is lightly damaged.
No0bjke's ghost hits you!!
You die...

...... ......#
....... ###
.......#### ####.<
.......)... #....#
......###.. #....#
#######...#
#....########.....###
#..[@.........##### #
#..)W#.######## #
#.....#..# #
#....[####.# # PP..P.
.# .PP... .#


PPPP. .# ..... .# .>.P ## You could see no0bjke's ghost.

Vanquished Creatures
  Pikel (D:6)
  The ghost of no0bjke the Shield-Bearer, a novice MiFi (D:6)
  A komodo dragon (D:8)
  Purgy (Sewer)
  An orc warrior (D:7)
  A phantom (D:5)
  An ogre (D:8)
  5 big kobolds
  5 giant frogs
  5 scorpions
  3 wights (D:7)
  2 howler monkeys (D:4)
  2 crimson imps
  A jelly (D:6)
  An orc priest (D:7)
  A giant frog zombie (D:7)
  3 hounds
  A giant frog skeleton (D:5)
  A centaur skeleton (D:6)
  4 orc wizards
  6 worker ants
  A hound skeleton (D:6)
  A howler monkey skeleton (D:7)
  3 gnolls (D:3)
  13 adders
  2 oozes
  An adder zombie (D:6)
  7 worms
  3 dart slugs
  8 giant geckos
  18 orcs
  3 ball pythons
  3 giant cockroaches
  7 goblins
  7 hobgoblins
  5 jackals
  49 kobolds
  2 quokkas
  6 bats
  6 giant newts
  A jackal zombie (D:6)
  A quokka skeleton (D:5)
  10 rats
204 creatures vanquished.

Vanquished Creatures (others)
  A giant frog (D:6)
  2 slaves (D:6)
  An orc priest (D:6)
  A worker ant (D:6)
  A hound skeleton (D:6)
  An orc (D:6)
  A ball python (D:6)
  2 plants (D:8)
10 creatures vanquished.

Grand Total: 214 creatures vanquished

Notes
Turn   | Place    | Note
--------------------------------------------------------------
     0 | D:1      | franckfuck the Minotaur Berserker began the quest for the Orb.
     0 | D:1      | Reached XP level 1. HP: 19/19 MP: 0/0
   185 | D:1      | Reached XP level 2. HP: 27/27 MP: 1/1
   652 | D:1      | Reached XP level 3. HP: 33/33 MP: 2/2
  1008 | D:2      | Reached ** piety under Trog
  1008 | D:2      | Reached XP level 4. HP: 33/40 MP: 3/3
  1133 | D:2      | Found a stormy altar of Qazlal.
  1142 | D:2      | Found a sparkling altar of Nemelex Xobeh.
  1222 | D:2      | Found an iron altar of Okawaru.
  1295 | D:2      | Found a deep blue altar of Sif Muna.
  1467 | D:3      | Found an opulent altar of Gozag.
  1523 | D:3      | Reached XP level 5. HP: 37/47 MP: 4/4
  1640 | D:3      | Reached *** piety under Trog
  1672 | D:3      | Reached skill level 5 in Fighting
  1672 | D:3      | Reached skill level 5 in Axes
  2028 | D:3      | Reached XP level 6. HP: 55/56 MP: 5/5
  2153 | D:3      | Reached **** piety under Trog
  2348 | D:3      | Reached skill level 5 in Armour
  2545 | D:3      | Found a shadowy altar of Dithmenos.
  2731 | D:3      | Reached XP level 7. HP: 42/61 MP: 6/6
  3432 | D:4      | Reached skill level 5 in Dodging
  4342 | D:4      | Found a blossoming altar of Fedhas.
  4406 | D:4      | Found a basalt altar of Yredelemnul.
  4559 | D:4      | Found a white marble altar of Elyvilon.
  4627 | D:5      | Entered Level 5 of the Dungeon
  4707 | D:5      | Found a shattered altar of Ashenzari.
  4741 | D:5      | Found a staircase to the Ecumenical Temple.
  4797 | D:5      | Reached XP level 8. HP: 39/71 MP: 7/7
  5207 | Temple   | Entered the Ecumenical Temple
  5247 | D:6      | Noticed Pikel
  5256 | D:6      | Killed Pikel
  5400 | D:6      | Reached ***** piety under Trog
  5423 | D:6      | Found an oddly glowing altar of Pakellas.
  5423 | D:6      | Found a glowing golden altar of the Shining One.
  5425 | D:6      | Found a shimmering altar of Xom.
  5438 | D:6      | Found a blossoming altar of Fedhas.
  5460 | D:6      | Found a sacrificial altar of Ru.
  5617 | D:6      | Found a glowing drain.
  5622 | Sewer    | Entered a sewer
  5652 | Sewer    | Noticed Purgy
  5670 | Sewer    | Killed Purgy
  6549 | D:6      | Noticed no0bjke's ghost (novice MiFi)
  6560 | D:6      | Killed no0bjke's ghost
  6560 | D:6      | Reached XP level 9. HP: 81/81 MP: 8/8
  6691 | D:7      | Noticed a moth of wrath
  6694 | D:7      | Found a bloodstained altar of Trog.
  7587 | D:8      | Received a gift from Trog
  7634 | D:8      | Noticed a komodo dragon
  7635 | D:8      | Noticed no0bjke's ghost (novice MiBe)
  7635 | D:8      | Found a staircase to the Lair.
  7648 | D:8      | Killed a komodo dragon
  7652 | D:8      | Mangled by no0bjke's ghost

Skill      XL: |  1  2  3  4  5  6  7  8  9 |
---------------+----------------------------+-----
Fighting       | 4 5 6 8 9 |  9.3
Armour         | 3 4 5 6 7 8 |  8.7
Axes           | 4 5 6 8 9 |  9.3
Dodging        | 3 4 5 6 7 |  7.8

Action                   |  1- 3 |  4- 6 |  7- 9 || total
-------------------------+-------+-------+-------++-------
Melee: Hand axe          |    57 |   169 |   308 ||   534
       Headbutt          |    10 |    24 |    71 ||   105
       Battleaxe         |       |       |    13 ||    13
Throw: Tomahawk          |       |     6 |     3 ||     9
       Throwing net      |       |       |     1 ||     1
Invok: Berserk           |       |     2 |     7 ||     9
  Use: Scroll            |       |       |    13 ||    13
 Stab: Sleeping          |     1 |       |     1 ||     2
  Eat: Chunk             |       |     3 |    17 ||    20
       Meat ration       |       |     1 |     1 ||     2
Armor: Animal skin       |     9 |    34 |    35 ||    78
       Ring mail         |       |       |    19 ||    19
Dodge: Dodged            |    37 |   130 |   204 ||   371
